 Dungeon Crawl Stone Soup version 0.17-a0-1069-g92ad481 (webtiles) character file.

299016 mefis231 the Bludgeoner (level 21, -7/141 HPs)
             Began as a Gargoyle Fighter on May 17, 2015.
             Was the Champion of Okawaru.
             Killed by divine providence
             ... invoked by a smoke demon
              (15 damage)
             ... on level 2 of the Abyss.
             The game lasted 03:07:47 (45758 turns).

mefis231 the Bludgeoner (Gargoyle Fighter)         Turns: 45758, Time: 03:07:47

Health: -7/141     AC: 50    Str: 26      XL:     21   Next: 34%
Magic:  27/27      EV: 11    Int: 19 (21) God:    Okawaru [******]
Gold:   2991       SH:  0    Dex: 16      Spells: 4 memorised, 12 levels left

rFire  + . .     SeeInvis .     u - +4 demon whip of Perversion {flame, rElec rC++ Int-5 Dex+3}
rCold  + + .     Clarity  .     x - +0 crystal plate armour
rNeg   + . .     SustAb   .     i - +7 large shield "Juvvanty" {Int+7}
rPois  ∞         Gourm    .     W - +1 helmet of Dojuseenn {+Blink}
rElec  +         Spirit   .     h - +0 cloak {rC+}
rCorr  .         Warding  .     Y - +0 pair of gloves of Decompression {-Cast Str+3 Dex+4}
rMut   .         Rnd*Tele +     I - +2 pair of boots of Filth {Str+3}
MR     +....     NoCast   +     Z - amulet of faith
Stlth  ..........               J - ring of fire
                                A - +6 ring of evasion

@: confused, about to teleport, flying, somewhat resistant to hostile
enchantments, extremely unstealthy
A: big wings, negative energy resistance 1, electricity resistance, teleportitis
1, unbreathing, petrification resistance, no device heal 1, rot immunity, AC +15
a: Stop Flying, Heroism, Finesse, Renounce Religion, Evoke Blink
}: 1/15 runes: decaying


You were on level 2 of the Abyss.
You worshipped Okawaru.
Okawaru was exalted by your worship.
You were hungry.

You visited 8 branches of the dungeon, and saw 40 of its levels.
You visited the Abyss 2 times.
You also visited: Labyrinth, Sewer and Ice Cave.

You collected 4110 gold pieces.
You spent 1119 gold pieces at shops.

Inventory:

Hand weapons
 u - the +4 demon whip of Perversion (weapon) {flame, rElec rC++ Int-5 Dex+3}
   (Okawaru gifted it to you on level 1 of the Swamp)

   It has been specially enchanted to burn those struck by it, causing extra
   injury to most foes and up to half again as much damage against particularly
   susceptible opponents.
   It affects your intelligence (-5).
   It affects your dexterity (+3).
   It greatly protects you from cold.
   It insulates you from electricity.
 H - a +1 morningstar of flaming
Armour
 h - a +0 cloak of cold resistance (worn)
 i - the +7 large shield "Juvvanty" (worn) {Int+7}
   (Okawaru gifted it to you on level 2 of the Abyss)

   It affects your intelligence (+7).
 j - the +0 robe of the Thistle {*Drain Str+5 Dex+7}
   (Okawaru gifted it to you on level 15 of the Dungeon)

   It affects your strength (+5).
   It affects your dexterity (+7).
   It causes draining when unequipped.
 p - a +0 shield of protection
 x - a +0 crystal plate armour (worn)
 I - the +2 pair of boots of Filth (worn) {Str+3}
   (You found it on level 8 of the Lair of Beasts)

   It affects your strength (+3).
 O - the +4 scale mail of Absence {Regen+}
   (Okawaru gifted it to you on level 8 of the Lair of Beasts)

   It increases your rate of regeneration.
 W - the +1 helmet of Dojuseenn (worn) {+Blink}
   (You bought it in a shop on level 10 of the Dungeon)

   It lets you blink.
 Y - the +0 pair of gloves of Decompression (worn) {-Cast Str+3 Dex+4}
   (Okawaru gifted it to you on level 1 of the Abyss)

   It affects your strength (+3).
   It affects your dexterity (+4).
   It prevents spellcasting.
Jewellery
 n - a +4 ring of strength
 o - an uncursed amulet of regeneration
 A - a +6 ring of evasion (left hand)
 J - a ring of fire (right hand)
 Z - an amulet of faith (around neck)
Magical devices
 b - a wand of digging (4)
 q - a wand of disintegration (8)
 t - a wand of teleportation (6)
 D - a wand of cold (6)
 E - a wand of disintegration (13)
 Q - a wand of lightning (2)
 R - a wand of fire (6)
 S - a wand of draining (7)
 U - a wand of fireball (15)
Scrolls
 a - 2 scrolls of enchant armour
 g - 16 scrolls of remove curse
 l - a scroll of teleportation
 m - 2 scrolls of holy word
 r - 9 scrolls of recharging
 y - 2 scrolls of identify
 z - 6 scrolls of blinking
 L - a scroll of summoning
 M - 5 scrolls of magic mapping
 P - 4 scrolls of fear
 T - 5 scrolls of fog
 X - a scroll of silence
Potions
 c - a potion of berserk rage
 d - 2 potions of might
 e - a potion of haste
 s - 13 potions of curing
 v - 7 potions of agility
 w - 2 potions of resistance
 F - 2 potions of magic
Books
 K - a book of the Sky

   Spells                             Type                      Level
   a - Summon Lightning Spire         Summoning/Air                4
   b - Airstrike                      Air                          4
   c - Silence                        Hexes/Air                    5
   d - Deflect Missiles               Charms/Air                   6
   e - Conjure Ball Lightning         Conjuration/Air              6
   f - Tornado                        Air                          9
Comestibles
 f - 7 meat rations


   Skills:
 + Level 18.0 Fighting
 + Level 20.0 Maces & Flails
 + Level 17.1 Armour
 + Level 17.2 Shields
 - Level 7.2 Invocations
 - Level 8.0 Evocations


You had 12 spell levels left.
You knew the following spells:

 Your Spells              Type           Power        Failure   Level  Hunger
a - Apportation           Tloc           #.........   100%        1    ##.....
b - Swiftness             Chrm/Air       #.......     100%        2    ###....
c - Shroud of Golubria    Chrm/Tloc      #.........   100%        2    ###....
d - Regeneration          Chrm/Necr      #.........   100%        3    ####...


Dungeon Overview and Level Annotations

Branches:
Dungeon (15/15)            Temple (1/1) D:5            Lair (8/8) D:10
  Swamp (4/4) Lair:3       Spider (3/4) Lair:3        Slime (0/6) Lair:8
    Orc (4/4) D:11            Elf (3/3) Orc:3        Vaults (2/5) D:13
 Depths (0/5) D:15
  Crypt: Vaults:2-3

Altars:
Ashenzari
Cheibriados
Dithmenos
Fedhas
Gozag
Kikubaaqudgha
Makhleb
Nemelex Xobeh
Okawaru
Qazlal
Sif Muna
Trog
Vehumet
Xom
Zin
The Shining One
Beogh

Shops:
D:10 [   D:12 ?   D:14 %   Orc:2 *   Orc:4 ([([?   Elf:3 [

Portals:
Hell: Lair:8

Annotations:
D:8 exclusion: 2 oklob saplings


Innate Abilities, Weirdness & Mutations

You are resistant to torment.
Your stone body is resilient (AC +15).
You are immune to poison.
Your large and strong wings let you fly indefinitely.
You resist negative energy.
You are resistant to electric shocks.
You can survive without breathing.
You are immune to petrification.
You are immune to rotting.
You are occasionally teleported to nearby monsters.
[Potions and wands are less effective at restoring your health.]


Message History

Something smites you!
* * * LOW HITPOINT WARNING * * *
The rakshasa hits you but does no damage. 2 golden eyes come into view.
Drink which item? (? for menu, Esc to quit)
You feel better.
The golden eye turns its gaze towards you.
You block the thrashing horror's attack. x2
The golden eye blinks at you.
You easily resist.
The rakshasa hits you but does no damage.
The golden eye looks sick.
The golden eye blinks at you.
You are confused.
The smoke demon hits you but does no damage.
The smoke demon barely misses you. x2
The white imp shouts, "Begone, thou gleeking tickle-brained tiler!"
The smoke demon gestures at you. Something smites you!
You die...

# . #...... #(
.##.....
#.##......# #
...§...#
##§.##....
....3R.. .# .# . .
###G# # .##.#
.#... ##X@#. . .#
#. . #
#.G§x##353....##.
#..
.G#.#.##R#≈.#....#
..
#...##W##..#....
.# # #.###55#
##.##.. . ## # .##
###. .R . # .# ##
##### ##33 .. ###
......# # ## . .
##.......####5## .
.


You could see 2 rakshasas, an ancient zyme, a thrashing horror, 3 smoke demons,
a wraith, 3 golden eyes and 2 white imps.

Vanquished Creatures
  the Lernaean hydra (Swamp:4)
  Saint Roka (Orc:4)
  3 bone dragons (Abyss:1)
  A lich (Abyss:1)
  Jorgrun (Swamp:2)
  A deep elf blademaster (Elf:2)
  A sphinx (Vaults:1)
  Frances (Swamp:2)
  3 tentacled starspawn
  Roxanne (Elf:2)
  A revenant (Abyss:1)
  A frost giant (shapeshifter) (Elf:2)
  The ghost of VikTorMgn the Bludgeoner, a mighty GrFi of Qazlal (Spider:2)
  An orc warlord (Orc:4)
  A vault warden (Vaults:1)
  Maud (Lair:3)
  An emperor scorpion (Spider:2)
  Aizul (Swamp:2)
  Louise (Swamp:4)
  The ghost of Raurakos the Brawler, a mighty VSTm of Makhleb (Swamp:3)
  The ghost of OrbSeeker the Sorcerer, a mighty DEFE of Sif Muna (D:14)
  3 rakshasas (Abyss:1)
  An ironheart preserver (Vaults:1)
  A stone giant (Vaults:2)
  2 dire elephants (Lair:8)
  A deep elf demonologist (Elf:1)
  7 starcursed masses
  A deep elf death mage (Elf:1)
  4 great orbs of eyes
  4 vault guards (D:13)
  3 jiangshi (Abyss:1)
  A minotaur (shapeshifter) (Vaults:1)
  A minotaur (Lab)
  A fire dragon (Vaults:1)
  A yaktaur captain (Vaults:1)
  24 hydras
  2 ogre magi (Vaults:1)
  A hell beast (Lair:8)
  2 ice dragons (D:15)
  2 catoblepae
  An entropy weaver (Spider:3)
  16 dancing weapons (Elf:2)
  5 centaur warriors
  12 death yaks
  8 alligators
  3 tengu warriors
  A queen ant (Lair:5)
  A satyr (shapeshifter) (Vaults:1)
  2 vampire magi (Abyss:1)
  A soul eater (D:11)
  An orc high priest (Orc:4)
  A smoke demon (Abyss:2)
  A shock serpent (shapeshifter) (Vaults:1)
  2 thrashing horrors (Abyss:1)
  5 hell knights (Abyss:1)
  18 deep elf knights
  A sun demon (Abyss:2)
  A storm dragon zombie (Vaults:1)
  A fire crab (Vaults:1)
  4 wretched stars
  A shadow wraith (Vaults:1)
  6 skeletal warriors
  A wizard (Lair:8)
  2 ice devils (IceCv)
  A spriggan druid (Swamp:3)
  A golden dragon zombie (Abyss:2)
  A giant orange brain (Abyss:1)
  An unseen horror (D:15)
  6 deep elf summoners
  4 ironbrand convokers (Vaults:1)
  2 ice statues (IceCv)
  A necromancer (Vaults:1)
  15 swamp dragons
  2 shambling mangroves
  Pikel (D:5)
  10 hill giants
  3 orc sorcerers (Orc:4)
  8 orb spiders
  22 ugly things
  3 harpies
  16 wolf spiders
  4 orc knights
  14 deep elf conjurers
  A stone giant zombie (Vaults:1)
  3 griffons
  2 hornets
  A worldbinder (Abyss:2)
  An octopode (shapeshifter) (Elf:2)
  3 gargoyles
  2 centaur zombies
  Maurice (Orc:1)
  7 cyclopes
  17 elephants
  Joseph (D:9)
  2 stone giant skeletons
  3 torpor snails
  3 vault sentinels (Vaults:1)
  A hellion (Abyss:1)
  5 orange demons
  8 black mambas
  22 spiny frogs
  6 fire drakes
  2 efreet
  5 yaktaurs (Vaults:1)
  6 kobold demonologists
  A tormentor (Abyss:1)
  5 demonic crawlers
  2 ancient zymes (Abyss:1)
  A yaktaur (shapeshifter) (Elf:1)
  A queen bee (shapeshifter) (D:15)
  9 komodo dragons
  4 red devils (Lair:8)
  8 blue devils
  A hellwing (Lair:8)
  4 wandering mushrooms (D:8)
  15 jumping spiders
  8 deep elf priests
  5 two-headed ogres
  11 trolls
  A tengu conjurer (D:12)
  Grinder (D:4)
  2 giant leeches
  4 raiju (Abyss:1)
  A freezing wraith (Vaults:1)
  A minotaur skeleton (Lab)
  13 bog bodies
  10 slime creatures
  12 blink frogs
  27 deep elf magi
  A hornet zombie (D:14)
  3 flying skulls (Abyss:1)
  9 ravens
  8 spriggans
  A trapdoor spider zombie (D:10)
  3 shadows
  38 redbacks
  3 vampires
  63 yaks
  5 trapdoor spiders
  3 wyverns
  14 tarantellas
  2 ynoxinuls (Abyss:1)
  3 basilisks
  3 wraiths
  A neqoxec (Abyss:1)
  27 deep elf fighters
  A steam dragon (D:8)
  7 hippogriffs
  6 vampire mosquitoes
  5 wolves (Lair:8)
  Menkaure (D:4)
  A hungry ghost (D:11)
  2 chaos spawn (Abyss:2)
  11 small abominations
  5 hell hounds (Abyss:1)
  16 swamp worms
  A mottled dragon (D:13)
  7 wargs
  5 insubstantial wisps
  10 soldier ants (Lair:5)
  17 swamp drakes
  43 orc warriors
  8 large abominations
  Duvessa (D:5)
  2 phantoms
  15 porcupines
  11 ice beasts
  7 sky beasts
  2 slaves (D:5)
  19 spiders
  19 water moccasins
  2 black bears
  An eye of draining (Abyss:1)
  3 necrophages
  10 wasps
  16 centaurs
  3 boggarts (D:15)
  19 ogres
  21 crocodiles
  An elf skeleton (Vaults:1)
  5 big kobolds
  14 giant frogs
  A gnoll sergeant (D:8)
  A wyvern zombie (D:9)
  A wyvern skeleton (D:11)
  Dowan (D:5)
  2 scorpions
  A water moccasin skeleton (D:4)
  15 killer bees
  2 electric eels (Lair:5)
  11 wights
  A human simulacrum (Vaults:1)
  2 giant frog zombies
  A quasit (D:13)
  7 crimson imps
  Crazy Yiuf (D:4)
  6 centaur skeletons
  6 hounds
  7 jellies
  33 orc wizards
  4 giant frog skeletons
  4 iron imps
  31 orc priests
  28 worker ants
  3 hell rats (Elf:1)
  15 iguanas
  31 sheep
  3 killer bee zombies
  14 gnolls
  47 river rats
  18 adders
  22 white imps
  4 shadow imps
  4 oozes
  10 ufetubi
  An adder zombie (D:6)
  2 adder skeletons
  3 worms
  9 giant geckos
  206 orcs
  6 ball pythons
  13 bats
  11 giant cockroaches
  22 goblins
  23 hobgoblins
  11 jackals
  31 kobolds
  4 quokkas
  A giant gecko zombie (D:8)
  5 giant newts
  2 goblin skeletons (D:5)
  2 goblin zombies (D:5)
  2 hobgoblin zombies (D:5)
  A kobold skeleton (D:5)
  An orc skeleton (D:5)
  An orc zombie (D:5)
  33 rats
  2 fungi
  A plant (Lair:8)
  3 starspawn tentacles (Abyss:1)
1783 creatures vanquished.

Vanquished Creatures (others)
  A deep elf knight (Elf:1)
  A jumping spider (Spider:3)
  2 small abominations
  A water moccasin (Lair:8)
  A lost soul (Elf:1)
  A giant frog zombie (D:13)
  A hell rat (Elf:1)
  A white imp (Abyss:1)
  5 ufetubi
  5 fungi
  5 plants
  5 starspawn tentacles
  39 starspawn tentacle segments
68 creatures vanquished.

Grand Total: 1851 creatures vanquished

Notes
Turn   | Place    | Note
--------------------------------------------------------------
     0 | D:1      | mefis231 the Gargoyle Fighter began the quest for the Orb.
     0 | D:1      | Reached XP level 1. HP: 14/14 MP: 1/1
   255 | D:1      | Reached XP level 2. HP: 17/19 MP: 2/2
   680 | D:2      | Reached XP level 3. HP: 23/23 MP: 3/3
   976 | D:2      | Reached skill level 4 in Maces & Flails
   984 | D:2      | Reached XP level 4. HP: 19/28 MP: 4/4
  1575 | D:3      | Reached skill level 5 in Maces & Flails
  1575 | D:3      | Reached XP level 5. HP: 26/32 MP: 5/5
  1784 | D:3      | You fall through a shaft for 2 floors!
  1784 | D:5      | Entered Level 5 of the Dungeon
  1816 | D:5      | Noticed a slave
  1840 | D:5      | Killed a slave
  1845 | D:5      | Reached skill level 6 in Maces & Flails
  1866 | D:5      | Found a staircase to the Ecumenical Temple.
  1879 | Temple   | Entered the Ecumenical Temple
  1887 | Temple   | Became a worshipper of Warmaster Okawaru
  1943 | D:5      | Reached XP level 6. HP: 30/37 MP: 6/6
  2024 | D:5      | Found a glowing drain.
  2028 | Sewer    | Entered a sewer
  2194 | Sewer    | Reached skill level 1 in Invocations
  2207 | Sewer    | Found a white marble altar of Elyvilon.
  2520 | D:3      | Found a bloodstained altar of Trog.
  2793 | D:4      | Noticed Menkaure
  2810 | D:4      | Killed Menkaure
  2810 | D:4      | Reached skill level 7 in Maces & Flails
  2810 | D:4      | Reached XP level 7. HP: 9/41 MP: 8/8
  3074 | D:4      | Found a radiant altar of Vehumet.
  3082 | D:4      | Acquired Okawaru's first power
  3123 | D:4      | Noticed Grinder
  3131 | D:4      | Paralysed by Grinder for 4 turns
  3141 | D:4      | Killed Grinder
  3336 | D:4      | Reached skill level 8 in Maces & Flails
  3369 | D:4      | Reached XP level 8. HP: 37/46 MP: 10/10
  3628 | D:4      | Noticed Crazy Yiuf
  3634 | D:4      | Killed Crazy Yiuf
  4048 | D:5      | Noticed an ogre
  4060 | D:5      | Killed an ogre
  4148 | D:5      | Noticed a centaur
  4163 | D:5      | Killed a centaur
  4319 | D:5      | Found a glowing golden altar of the Shining One.
  4449 | D:5      | Noticed a slave
  4492 | D:5      | Killed a slave
  4495 | D:5      | Reached skill level 9 in Maces & Flails
  4534 | D:5      | Noticed a sky beast
  4564 | D:5      | Killed a sky beast
  4570 | D:5      | Noticed a slave
  4571 | D:5      | Noticed a slave
  4580 | D:5      | Noticed Pikel
  4595 | D:5      | Killed Pikel
  4595 | D:5      | Reached skill level 10 in Maces & Flails
  4595 | D:5      | Reached skill level 5 in Invocations
  4595 | D:5      | Reached XP level 9. HP: 36/51 MP: 11/13
  4924 | D:6      | Found a bloodstained altar of Trog.
  5251 | D:6      | Noticed Dowan
  5252 | D:6      | Noticed Duvessa
  5291 | D:5      | Killed Dowan
  5305 | D:5      | Killed Duvessa
  5305 | D:5      | Reached skill level 11 in Maces & Flails
  5702 | D:6      | Found a glowing silver altar of Zin.
  6166 | D:7      | Found a snail-covered altar of Cheibriados.
  6484 | D:8      | Noticed a wandering mushroom
  6492 | D:8      | Killed a wandering mushroom
  6492 | D:8      | Reached XP level 10. HP: 34/56 MP: 15/15
  6614 | D:8      | Noticed a wandering mushroom
  6621 | D:8      | Killed a wandering mushroom
  6624 | D:8      | Found a blossoming altar of Fedhas.
  6624 | D:8      | Noticed a wandering mushroom
  6624 | D:8      | Noticed a wandering mushroom
  6904 | D:8      | Found an ancient bone altar of Kikubaaqudgha.
  7010 | D:8      | Found a stormy altar of Qazlal.
  7444 | D:8      | Killed a wandering mushroom
  7594 | D:8      | Found a shimmering altar of Xom.
  7663 | D:8      | Killed a wandering mushroom
  7663 | D:8      | Reached skill level 12 in Maces & Flails
  7732 | D:8      | Reached skill level 5 in Shields
  7735 | D:8      | Reached skill level 5 in Fighting
  7967 | D:9      | Reached skill level 5 in Armour
  8224 | D:9      | Noticed Joseph
  8237 | D:9      | Killed Joseph
  8727 | D:9      | Reached XP level 11. HP: 43/64 MP: 16/16
  9131 | D:10     | Entered Level 10 of the Dungeon
  9693 | D:10     | Found a staircase to the Lair.
  9697 | D:10     | Acquired Okawaru's second power
  9787 | D:10     | Reached skill level 13 in Maces & Flails
 10040 | D:10     | Found Rualilea's Armour Shop.
 10048 | D:10     | Bought the +1 helmet of Dojuseenn {+Blink} for 329 gold pieces
 10214 | Lair:1   | Entered Level 1 of the Lair of Beasts
 10236 | Lair:1   | Reached skill level 1 in Evocations
 10264 | Lair:1   | Received a gift from Okawaru
 11005 | Lair:1   | Reached XP level 12. HP: 72/72 MP: 17/17
 11668 | Lair:2   | Noticed a seven-headed hydra
 11675 | Lair:2   | Killed a seven-headed hydra
 12211 | Lair:3   | Found a hole to the Spider Nest.
 12239 | Lair:3   | Reached skill level 14 in Maces & Flails
 12308 | Lair:3   | Found a staircase to the Swamp.
 12309 | Lair:3   | Noticed a four-headed hydra
 12324 | Lair:3   | Killed a four-headed hydra
 12387 | Lair:3   | Noticed a catoblepas
 12400 | Lair:3   | Killed a catoblepas
 12894 | Lair:3   | Noticed Maud
 12947 | Lair:3   | Killed Maud
 13421 | Lair:4   | Found a labyrinth entrance.
 13437 | Lab      | Entered a labyrinth
 13671 | Lab      | Received a gift from Okawaru
 13781 | Lab      | Noticed a minotaur
 13788 | Lab      | Killed a minotaur
 13788 | Lab      | Reached XP level 13. HP: 80/80 MP: 11/18
 13796 | Lab      | Identified the Handbook of Flight
 13943 | Lair:4   | Noticed a death yak
 13943 | Lair:4   | Noticed a death yak
 13944 | Lair:4   | Noticed a death yak
 13944 | Lair:4   | Noticed a death yak
 13946 | Lair:4   | Noticed a death yak
 13947 | Lair:4   | Noticed a death yak
 13996 | Lair:4   | Received a gift from Okawaru
 14018 | Lair:4   | Killed a death yak
 14042 | Lair:4   | Killed a death yak
 14051 | Lair:4   | Killed a death yak
 14058 | Lair:4   | Killed a death yak
 14066 | Lair:4   | Killed a death yak
 14074 | Lair:4   | Killed a death yak
 14784 | Lair:5   | Reached skill level 5 in Evocations
 14894 | Lair:5   | Reached skill level 15 in Maces & Flails
 15092 | Lair:5   | Learned a level 1 spell: Apportation
 15197 | Lair:5   | Identified a cursed +0 rod of clouds (12/12) (You took it off a minotaur in a labyrinth)
 15199 | Lair:5   | Identified a +8 rod of the swarm (9/9) (You found it in a labyrinth)
 15218 | Lair:5   | Identified the Guide on Lucky Creation (You found it on level 5 of the Lair of Beasts)
 15222 | Lair:5   | Learned a level 2 spell: Swiftness
 15436 | Lair:5   | Reached skill level 10 in Fighting
 15833 | Lair:5   | Received a gift from Okawaru
 15838 | Lair:5   | Got a jewelled troll leather armour {god gift}
 15849 | Lair:5   | Identified the +0 troll leather armour of Evolution {Regen+ Int+3} (Okawaru gifted it to you on level 5 of the Lair of Beasts)
 15928 | Lair:5   | Reached skill level 10 in Shields
 16456 | Lair:6   | Identified Ihub's Handbook of Ashen Transmutation
 16534 | Lair:6   | Found a frozen archway.
 16581 | IceCv    | Entered an ice cave
 16676 | IceCv    | Gained mutation: Your large and strong wings let you fly indefinitely. [Gargoyle growth]
 16676 | IceCv    | Reached XP level 14. HP: 62/88 MP: 19/19
 16768 | IceCv    | Reached skill level 10 in Armour
 17054 | IceCv    | Got a twisted demon trident
 17069 | IceCv    | Identified the +4 demon trident of Qunoe {elec, rC+} (You found it in an ice cave)
 18606 | Lair:7   | Reached skill level 16 in Maces & Flails
 18694 | Lair:7   | Received a gift from Okawaru
 19356 | Lair:8   | Entered Level 8 of the Lair of Beasts
 19523 | Lair:8   | Found a staircase to the Slime Pits.
 20115 | Lair:8   | Reached XP level 15. HP: 83/95 MP: 13/20
 20185 | Lair:8   | Found a burning altar of Makhleb.
 20582 | Lair:8   | Got a pair of translucent boots
 20588 | Lair:8   | Identified the +2 pair of boots of Filth {Str+3} (You found it on level 8 of the Lair of Beasts)
 20645 | Lair:8   | Found a gateway to Hell.
 20876 | Lair:8   | Received a gift from Okawaru
 20892 | Lair:8   | Got an encrusted scale mail {god gift}
 20903 | Lair:8   | Identified the +4 scale mail of Absence {Regen+} (Okawaru gifted it to you on level 8 of the Lair of Beasts)
 21445 | Lair:1   | Identified a +1 rod of inaccuracy (13/13) (You found it on level 7 of the Lair of Beasts)
 21902 | D:11     | Learned a level 2 spell: Shroud of Golubria
 21906 | D:11     | Learned a level 3 spell: Regeneration
 22446 | D:11     | Found a staircase to the Orcish Mines.
 22618 | Orc:1    | Entered Level 1 of the Orcish Mines
 22633 | Orc:1    | Noticed Maurice
 22650 | Orc:1    | Killed Maurice
 22768 | Orc:2    | Found Orufef's Assorted Antiques.
 22777 | Orc:2    | Bought an amethyst potion for 27 gold pieces
 22777 | Orc:2    | Bought a scroll of identify for 60 gold pieces
 22777 | Orc:2    | Bought an inky potion for 27 gold pieces
 22900 | Orc:2    | Found a bloodstained altar of Trog.
 23614 | Orc:3    | Found a staircase to the Elven Halls.
 24009 | Orc:3    | Found a roughly hewn altar of Beogh.
 24598 | Orc:4    | Entered Level 4 of the Orcish Mines
 24880 | Orc:4    | Found Ifujecs's Magic Scroll Emporium.
 24920 | Orc:4    | Bought a scroll of silence for 120 gold pieces
 24920 | Orc:4    | Bought a scroll of vulnerability for 120 gold pieces
 24949 | Orc:4    | Found a roughly hewn altar of Beogh.
 25006 | Orc:4    | Found a roughly hewn altar of Beogh.
 25331 | Orc:4    | Found a roughly hewn altar of Beogh.
 25357 | Orc:4    | Found a roughly hewn altar of Beogh.
 25365 | Orc:4    | Found Tashreteq's Antique Armour Boutique.
 25367 | Orc:4    | Paralysed by an orc sorcerer for 7 turns
 25447 | Orc:4    | Found a roughly hewn altar of Beogh.
 25473 | Orc:4    | Found Zopt's Weapon Boutique.
 25671 | Orc:4    | Found a roughly hewn altar of Beogh.
 25811 | Orc:4    | Noticed Saint Roka
 25822 | Orc:4    | Found Kereq's Antique Weapon Shoppe.
 25823 | Orc:4    | Found a roughly hewn altar of Beogh.
 25824 | Orc:4    | Found Suicica's Antique Armour Emporium.
 25849 | Orc:4    | HP: 2/97 [Saint Roka/great mace of draining (24)]
 25855 | Orc:4    | Killed Saint Roka
 25855 | Orc:4    | Reached XP level 16. HP: 47/103 MP: 22/22
 25943 | Orc:4    | Bought a pair of fine gloves for 332 gold pieces
 25959 | Orc:4    | Identified the cursed +0 pair of gloves of Relativism {+Blink} (You bought it in a shop on level 4 of the Orcish Mines)
 26070 | D:12     | Found Qimieja's Magic Scroll Emporium.
 26078 | D:12     | Bought a scroll of identify for 26 gold pieces
 26078 | D:12     | Bought a scroll of identify for 26 gold pieces
 26078 | D:12     | Bought a scroll of identify for 26 gold pieces
 26078 | D:12     | Bought a scroll of identify for 26 gold pieces
 26195 | D:12     | Reached skill level 17 in Maces & Flails
 26567 | D:12     | Identified the Papyrus of Ice
 27167 | D:13     | Received a gift from Okawaru
 27222 | D:13     | Got a bone great sword
 27558 | Lair:1   | Identified the cursed +1 great sword of Valiance {elec, rN+} (You found it on level 13 of the Dungeon)
 27807 | D:13     | Found a gate to the Vaults.
 28058 | D:13     | Received a gift from Okawaru
 28059 | D:13     | Got a bloodstained demon whip {god gift}
 28073 | D:13     | Identified the +1 demon whip of Intimidation {drain, rElec rF+ MP+9 Dex-4} (Okawaru gifted it to you on level 13 of the Dungeon)
 28739 | D:14     | Found Uruteuwk's Food Shoppe.
 28948 | D:14     | Noticed OrbSeeker's ghost (mighty DEFE)
 28960 | D:14     | Killed OrbSeeker's ghost
 29267 | Swamp:1  | Entered Level 1 of the Swamp
 29751 | Swamp:1  | Received a gift from Okawaru
 29752 | Swamp:1  | Got an encrusted demon whip {god gift}
 29753 | Swamp:1  | Identified the +4 demon whip of Perversion {flame, rElec rC++ Int-5 Dex+3} (Okawaru gifted it to you on level 1 of the Swamp)
 29839 | Swamp:1  | Got a warped long sword
 30172 | Swamp:2  | Noticed Frances
 30184 | Swamp:2  | Killed Frances
 30404 | Swamp:2  | Noticed Jorgrun
 30421 | Swamp:2  | Killed Jorgrun
 30421 | Swamp:2  | Reached XP level 17. HP: 110/110 MP: 23/23
 30699 | Swamp:2  | Noticed Aizul
 30723 | Swamp:2  | Killed Aizul
 30965 | Swamp:3  | Received a gift from Okawaru
 30966 | Swamp:3  | Got a pair of scorched boots {god gift}
 30980 | Swamp:3  | Identified the +2 pair of boots "Ciedynk" {Str+2 Stlth+} (Okawaru gifted it to you on level 3 of the Swamp)
 31168 | Swamp:3  | Noticed Raurakos's ghost (mighty VSTm)
 31204 | Swamp:3  | Killed Raurakos's ghost
 31712 | Swamp:4  | Entered Level 4 of the Swamp
 31862 | Swamp:4  | Reached skill level 18 in Maces & Flails
 32162 | Swamp:4  | Noticed Louise
 32206 | Swamp:4  | Cast into the Abyss (Louise)
 32381 | Abyss:1  | Noticed a bone dragon
 32384 | Abyss:1  | Noticed a lich
 32399 | Abyss:1  | Killed a lich
 33477 | Abyss:1  | Noticed a bone dragon
 33500 | Abyss:1  | Killed a bone dragon
 33848 | Abyss:1  | Received a gift from Okawaru
 33849 | Abyss:1  | Got a pair of brightly glowing gloves {god gift}
 33860 | Abyss:1  | Identified the +0 pair of gloves of Decompression {-Cast Str+3 Dex+4} (Okawaru gifted it to you on level 1 of the Abyss)
 33933 | Abyss:1  | Reached XP level 18. HP: 114/118 MP: 21/21
 33935 | Abyss:1  | Noticed a bone dragon
 33958 | Abyss:1  | Killed a bone dragon
 33958 | Abyss:1  | Reached skill level 15 in Fighting
 34049 | Swamp:4  | Escaped the Abyss
 34067 | Swamp:4  | Killed Louise
 34356 | Swamp:4  | Noticed the 27-headed Lernaean hydra
 34412 | Swamp:4  | Killed the 27-headed Lernaean hydra
 34412 | Swamp:4  | Reached skill level 15 in Armour
 34412 | Swamp:4  | Reached skill level 15 in Shields
 34667 | Swamp:4  | Got a decaying rune of Zot
 35045 | Lair:1   | Identified the +5 long sword of the Boiling Point {distort, -Tele *Confuse rF+++ SInv} (You found it on level 1 of the Swamp)
 35115 | Lair:1   | Reached XP level 19. HP: 123/125 MP: 25/25
 35237 | Spider:1 | Entered Level 1 of the Spider Nest
 35259 | Spider:1 | Received a gift from Okawaru
 35768 | Spider:2 | Noticed VikTorMgn's ghost (mighty GrFi)
 35810 | Spider:2 | Killed VikTorMgn's ghost
 36436 | Spider:3 | Received a gift from Okawaru
 37250 | Elf:1    | Entered Level 1 of the Elven Halls
 37524 | Elf:1    | Received a gift from Okawaru
 37689 | Elf:1    | Reached skill level 19 in Maces & Flails
 38357 | Elf:1    | Reached XP level 20. HP: 125/132 MP: 26/26
 39046 | Elf:2    | Found a huge runed gate.
 39046 | Elf:2    | Found a huge runed gate.
 39047 | Elf:2    | Found a huge runed gate.
 39048 | Elf:2    | Found a huge runed gate.
 39055 | Elf:2    | Found a huge runed gate.
 39143 | Elf:2    | Noticed Roxanne
 39203 | Elf:2    | Killed Roxanne
 40497 | Elf:3    | Entered Level 3 of the Elven Halls
 40539 | Elf:3    | Found Feol's Armour Boutique.
 40744 | D:15     | Entered Level 15 of the Dungeon
 40784 | D:15     | Received a gift from Okawaru
 40785 | D:15     | Got an ancient robe {god gift}
 40786 | D:15     | Identified the +0 robe of the Thistle {*Drain Str+5 Dex+7} (Okawaru gifted it to you on level 15 of the Dungeon)
 41003 | D:15     | Found a staircase to the Depths.
 41968 | Vaults:1 | Entered Level 1 of the Vaults
 42681 | Vaults:1 | Received a gift from Okawaru
 42846 | Vaults:1 | Reached XP level 21. HP: 125/140 MP: 27/27
 42913 | Vaults:1 | Paralysed by a sphinx for 5 turns
 42923 | Vaults:1 | Paralysed by a sphinx for 5 turns
 43533 | Vaults:2 | Cast into the Abyss (a deep elf demonologist)
 43891 | Abyss:1  | Found a corrupted altar of Lugonu.
 43933 | Abyss:1  | Found a corrupted altar of Lugonu.
 44110 | Abyss:1  | Found a corrupted altar of Lugonu.
 44285 | Abyss:1  | Gained mutation: You are sometimes teleported to nearby monsters. [a neqoxec]
 44420 | Abyss:1  | Paralysed by accursed screaming for 1 turns
 44424 | Abyss:1  | Paralysed by accursed screaming for 1 turns
 44432 | Abyss:1  | Paralysed by accursed screaming for 1 turns
 44461 | Abyss:1  | Found a corrupted altar of Lugonu.
 44666 | Abyss:2  | Reached skill level 20 in Maces & Flails
 44882 | Abyss:2  | Paralysed by accursed screaming for 1 turns
 44890 | Abyss:2  | Paralysed by accursed screaming for 2 turns
 44898 | Abyss:2  | Paralysed by accursed screaming for 2 turns
 44907 | Abyss:2  | HP: 2/126 [starcursed mass/accursed screaming (7)]
 45583 | Abyss:2  | Received a gift from Okawaru
 45585 | Abyss:2  | Got a bloodstained large shield {god gift}
 45596 | Abyss:2  | Identified the +7 large shield "Juvvanty" {Int+7} (Okawaru gifted it to you on level 2 of the Abyss)
 45713 | Abyss:2  | Found a corrupted altar of Lugonu.
 45754 | Abyss:2  | HP: 4/141 [smoke demon/divine providence (12)]
 45758 | Abyss:2  | Killed from afar by a smoke demon

Vault maps used:
D:1:      lightli_arrival_chessboard, serial_glass, glass_columns_a,
          glass_columns_b
D:3:      trog_hazing_becter
D:4:      vehumet_crystals, uniq_grinder, uniq_menkaure, uniq_crazy_yiuf_cottage
D:5:      nicolae_tso_besieged_by_evil, minmay_temple_entry_mist, first_bread,
          gup_sewer_entry_spiral, uniq_pikel
D:6:      bloody_trog, zin_statuary, uniq_duvessa
D:7:      cheibriados_altar_1
D:8:      overflow_temple_1_default, kennysheep_mini_moat,
          serial_co_window_serial, co_window_paths_b, co_window_corner_a,
          co_window_of_opportunity_a, co_window_corner_a, co_window_paths_a,
          co_window_unsneaky_path_b, co_window_corner_ca,
          co_window_of_opportunity_c, co_window_corner_b, co_window_4corner_a,
          glass_columns_a, hangedman_tree_tricks, lemuel_centaur_altar
D:9:      uniq_joseph
D:10:     grunt_lair_entry_elf_guard_hut, serial_shops, shop, serial_glass,
          glass_columns_a, glass_columns_a
D:11:     minmay_imperfect_grid, orc_0_dummy
D:12:     serial_shops, shop_scrolls
D:13:     lightli_vaults_fourway_checkpoint
D:14:     serial_shops, shop, amethyst_killhole, minmay_holes
D:15:     grunt_enter_depths_hoard, hangedman_decor_lopped
Temple:   circular_temple_12
Lair:1:   cheibrodos_lair_reptile_den
Lair:2:   grunt_megastairs_5, bh_autumn_forest_stairs, lemuel_fruit_fields
Lair:3:   minmay_swamp_entry_reptiles, nicolae_spider_entry_tight_spaces,
          infiniplex_staircase_pool, uniq_maud
Lair:4:   lab_entry_generic
Lair:5:   minmay_another_anthill, serial_bayou_shore_a
Lair:6:   portal_ice_cave_entry_imps
Lair:8:   evil_forest, nicolae_slime_entry_slimehenge
Swamp:1:  evilmike_swamp_ruin_house_2, swamp_pool5,
          nicolae_swamp_trees_clearing, st_swamp_ruins_2
Swamp:2:  evilmike_swamp_ruin_rubble_1, uniq_jorgrun, uniq_frances, uniq_aizul
Swamp:3:  nicolae_swamp_feature_on_the_river_bank
Swamp:4:  swamp_old_school, swamp_pool3, nicolae_swamp_fairy_circle,
          infiniplex_staircase_pool_2, uniq_louise
Spider:1: spider_trap
Spider:2: spider_trap
Orc:1:    nicolae_orc_lava_room, uniq_maurice
Orc:2:    basic_altar, serial_shops, nicolae_shop_stone
Orc:3:    nicolae_orc_pool_cavern, nicolae_orc_stony_grotto, mines1_david
Orc:4:    grunt_orc_community_town_hall, grunt_orc_community_big_house_1,
          grunt_orc_community_big_house_1, grunt_orc_community_house_3,
          grunt_orc_community_house_1, grunt_orc_community_house_2,
          grunt_orc_community_house_2, grunt_orc_community_house_1,
          grunt_orc_community_house_1, special_room, serial_shops, shop
Elf:1:    minmay_elf_crystal_heptagon
Elf:2:    minmay_misc_feat_rows, st_stairs_8, uniq_roxanne
Elf:3:    grunt_elf_hall_branching, serial_shops, shop, kilobyte_rumbling_trees,
          uniq_norris, uniq_saint_roka
Vaults:1: v_misc_1, vaults_room_stairs_pillars, vaults_room_hallway,
          nicolae_vaults_little_squares_6, vaults_mumra_lcd, v_misc_11,
          v_misc_2, v_rooms_1, vaults_room_corners, nicolae_vaults_murderbox,
          vaults_room_fancy_cross, nicolae_vaults_alarming,
          nicolae_vaults_little_squares_6, grunt_vaults_hallway_short,
          nicolae_vaults_circle_grid_b
Vaults:2: vaults_dpeg_diagonal, nicolae_vaults_little_ls,
          ontoclasm_vaults_pinch, stair_cage_open, serial_shops, shop
Lab:      labyrinth_watery, lab_block, nicolae_lab_big_swirl,
          labyrinth_skeletal_remains, labyrinth_fake_exit
Sewer:    sewer_kobolds
IceCv:    ice_cave_small_demon

Action                   |  1- 3 |  4- 6 |  7- 9 | 10-12 | 13-15 | 16-18 | 19-21 || total
-------------------------+-------+-------+-------+-------+-------+-------+-------++-------
Melee: Flail             |   159 |   304 |    88 |       |       |       |       ||   551
       Morningstar       |       |       |   436 |  1163 |  2835 |   406 |       ||  4840
       Demon whip        |       |       |       |       |       |  1529 |  2318 ||  3847
       Unarmed           |       |       |       |       |       |    23 |       ||    23
Invok: Heroism           |       |       |     3 |     8 |    18 |    13 |     3 ||    45
       Finesse           |       |       |       |     4 |    11 |    13 |     5 ||    33
 Abil: Fly               |       |       |       |       |       |     2 |       ||     2
       Evoke Blink       |       |       |       |       |       |       |     1 ||     1
Evoke: Wand              |       |       |       |       |     1 |       |     1 ||     2
  Use: Scroll            |       |     6 |     1 |     2 |    16 |    17 |    21 ||    63
       Potion            |       |     1 |     1 |       |     3 |     3 |    11 ||    19
 Stab: Distracted        |       |       |       |       |       |       |     1 ||     1
       Petrified         |       |       |       |       |       |       |     1 ||     1
  Eat: Chunk             |       |     7 |    13 |    25 |    41 |    18 |    27 ||   131
       Beef jerky        |       |       |       |     1 |       |       |     1 ||     2
       Bread ration      |       |       |       |       |     1 |     2 |     1 ||     4
       Pizza             |       |       |       |       |     1 |       |       ||     1
       Meat ration       |       |       |       |       |       |     1 |       ||     1
       Fruit             |       |       |       |       |       |     4 |       ||     4
       Royal jelly       |       |       |       |       |       |       |     1 ||     1
